 Dungeon Crawl Stone Soup version 0.24.1-14-gf8d2b509d9 (webtiles) character file.

Game seed: 17013507108041953215, levelgen mode: deterministic

169 Peloso the Skirmisher (level 5, -2/42 HPs)
             Began as a Demonspawn Fighter on May 30, 2020.
             Blown up by Ijyb (29 damage)
             ... with a disintegration bolt
             ... on level 3 of the Dungeon.
             The game lasted 00:08:16 (2340 turns).

Peloso the Skirmisher (Demonspawn Fighter)          Turns: 2340, Time: 00:08:16

Health: -2/42      AC:  6    Str: 22    XL:     5   Next: 25%
Magic:  5/5        EV: 10    Int:  9    God:
Gold:   139        SH:  9    Dex: 13    Spells: 4/4 levels left

rFire    + . .     SeeInvis .   a - +0 long sword
rCold    x . .     Gourm    .   c - +0 shield
rNeg     . . .     Faith    .   b - +0 scale mail
rPois    .         Spirit   .   (no helmet)
rElec    .         Reflect  .   (no cloak)
rCorr    .         Harm     .   (no gloves)
MR       .....                  (no boots)
Stlth    ..........             (no amulet)
HPRegen  0.14/turn              i - ring of fire
MPRegen  0.09/turn              o - +3 ring of evasion

@: mighty
A: rot immunity
a: no special abilities


You were on level 3 of the Dungeon.
You were not hungry.

You visited 1 branch of the dungeon, and saw 3 of its levels.

You collected 139 gold pieces.

Inventory:

Hand Weapons
 a - a +0 long sword (weapon)
Armour
 b - a +0 scale mail (worn)
 c - a +0 shield (worn)
Jewellery
 i - a ring of fire (left hand)
 j - an uncursed ring of fire
 o - a +3 ring of evasion (right hand)
Scrolls
 e - 2 scrolls of magic mapping {unknown}
 h - 2 scrolls of teleportation {unknown}
 l - a scroll of fog {unknown}
 n - 4 scrolls of identify {unknown}
 q - a scroll of enchant armour {unknown}
 r - a scroll of blinking {unknown}
Potions
 g - 3 potions of heal wounds {unknown}
 k - 2 potions of lignification {unknown}
 m - a potion of haste {unknown}
 p - 2 potions of brilliance {unknown}
Comestibles
 f - 2 rations


   Skills:
 + Level 4.0 Fighting
 + Level 3.3 Long Blades
 + Level 3.1 Armour
 + Level 0.1 Dodging
 + Level 3.4 Shields


You had 4 spell levels left.
You didn't know any spells.
Your spell library was empty.

Dungeon Overview and Level Annotations

Branches:
Dungeon (3/15)

Altars:

Annotations:
D:3 Ijyb


Innate Abilities, Weirdness & Mutations

You are immune to rotting.


Message History

You feel very mighty all of a sudden.
Ijyb zaps a wand.
You are blasted!
Unknown command.
Ijyb grins evilly.
Ijyb hits you but does no damage.
You slash Ijyb!
Ijyb is heavily wounded.
A bat comes into view.
You block the bat's attack. x2; Ijyb hits you but does no damage.
The bat moves out of view.
You closely miss Ijyb.
Ijyb is heavily wounded.
The bat misses you.
You riposte.
You closely miss the bat. Ijyb barely misses you.
You slash Ijyb!
Ijyb is almost dead.
Ijyb hits you but does no damage. The bat closely misses you.
You riposte.
You closely miss the bat.
Ijyb zaps a wand.
You are blasted!
Ouch! That really hurt!
You die...

##### ##.#.. #
##...<#
.####.###.....#
.##............ ##
#.##.#.###.....# #.
...(.#. ##...(#
#b#g...... ##.#..
#.@# #..# #####
#..# #..# #..###..#
######
#.......######.....
##.#.##)#..........
#.#.##.#........##
#.#.##.#..........
#......#.........#
#.#.#..#..........


You could see Ijyb and a bat.

Vanquished Creatures
  4 adders
  4 gnolls
  2 oozes
  3 worms
  3 dart slugs
  7 bats
  6 giant cockroaches
  7 goblins
  11 hobgoblins
  8 jackals
  5 kobolds
  4 quokkas
  A frilled lizard (D:1)
  3 rats
68 creatures vanquished.

Notes
Turn   | Place    | Note
-------+----------+-------------------------------------------
     0 | D:1      | Peloso the Demonspawn Fighter began the quest for the Orb.
     0 | D:1      | Reached XP level 1. HP: 18/18 MP: 1/1
    60 | D:1      | Gained mutation: You are immune to rotting. [demonic
                  | ancestry]
    60 | D:1      | Reached XP level 2. HP: 22/24 MP: 2/2
   479 | D:1      | Reached XP level 3. HP: 28/29 MP: 3/3
   696 | D:2      | Found a faded altar of an unknown god.
   784 | D:2      | Reached XP level 4. HP: 25/35 MP: 4/4
  1708 | D:3      | Reached XP level 5. HP: 26/42 MP: 5/5
  1709 | D:3      | Reached skill level 4 in Fighting
  2335 | D:3      | Noticed Ijyb
  2340 | D:3      | Blown up by Ijyb

Levels and vault maps discovered:
D:1:      dpeg_arrival_tiny_h, layout_rooms
D:2:      minmay_diamond_boxcup, layout_rooms, chequers_ecumenical_altar_simple
D:3:      layout_loops_cross, uniq_ijyb

Skill      XL: |  1  2  3  4  5 |
---------------+----------------+-----
Long Blades    | 2 3 |  3.3
Shields        | 3 |  3.4
Armour         | 3 |  3.1
Fighting       | 4 |  4.0
Dodging        | |  0.1

Action                   |  1- 3 |  4- 6 || total
-------------------------+-------+-------++-------
Melee: Long sword        |   106 |   130 ||   236
  Use: Potion            |       |     1 ||     1
  Eat: Chunk             |       |     5 ||     5
Armor: Scale mail        |    73 |    51 ||   124
Dodge: Dodged            |    40 |    53 ||    93
Block: Shield            |    61 |    63 ||   124
       Rpst.: Long sword |    14 |    14 ||    28
